Cogmind - Beta 15 @@@ ROGUE MODE // 2025.09.15 @ 11:27:36 Player: konomiyu Result: Destroyed by S-10 Pest with Light Assault Rifle Performance ------------- Evolutions (0) 0 Regions Visited (2) 400 Robots Destroyed (21) 105 Value Destroyed (431) 431 Prototype IDs (4) 80 Alien Tech Used (0) 0 Bonus (0) 0 TOTAL SCORE: 1016 Bonus ------- None Cogmind --------- Core Integrity 0/250 Matter 300/300 Energy 250/250 System Corruption 6% Temperature Cool (0) Movement Treading (160) Location -10/Mines Parts ------- > --- POWER (1) -------- Ion Engine > --- PROPULSION (2) --- Light Treads Light Treads > --- UTILITY (2) ------ Large Storage Unit Tractor Beam > --- WEAPON (2) ------- Light Cannon Grenade Launcher > --- INVENTORY (15) --- Light Ion Engine Light Nuclear Core Wheel Compact Wheel Improved Heat Sink Structural Scanner Sensor Array Signal Interpreter Targeting Computer Light Armor Plating Hacking Suite Light Cannon Light Cannon Rocket Launcher Mining Laser Peak State ------------ > --- POWER ------------ Ion Engine > --- PROPULSION ------- Light Treads Light Treads > --- UTILITY ---------- Improved Heat Sink Small Storage Unit > --- WEAPON ----------- Medium Laser Small Laser > --- INVENTORY -------- Ion Engine Light Nuclear Core Wheel Compact Wheel Hacking Suite Small Laser Grenade Launcher [Rating: 10] Favorites ----------- Power Ion Engine Engine Ion Engine Propulsion Light Treads Treads Light Treads Utility Large Storage Unit Device Tractor Beam Storage Large Storage Unit Weapon Light Cannon Energy Gun Small Laser Ballistic Cannon Light Cannon Launcher Grenade Launcher Special Weapon Mining Laser Build | -11 -10 -10 ------- Run | Yrd Mat Min Slots Evolved . | . . . Power . | . . . Propulsion . | . . . Utility . | . . . Weapon . | . . . Parts Attached 18 | 6 12 . Power 2 | 1 1 . Engine 2 | 1 1 . Core . | . . . Reactor . | . . . Propulsion 3 | 2 1 . Treads 3 | 2 1 . Leg . | . . . Wheel . | . . . Hover . | . . . Flight . | . . . Utility 4 | 1 3 . Device 2 | . 2 . Storage 2 | 1 1 . Processor . | . . . Hackware . | . . . Protection . | . . . Artifact . | . . . Weapon 9 | 2 7 . Energy Gun 3 | 2 1 . Energy Cannon . | . . . Ballistic Gun . | . . . Ballistic Cannon 4 | . 4 . Launcher 1 | . 1 . Special Weapon 1 | . 1 . Impact Weapon . | . . . Slashing Weapon . | . . . Piercing Weapon . | . . . Special Melee Weapon . | . . . Unidentified Prototypes . | . . . Parts Lost 3 | . 3 . Power 1 | . 1 . Propulsion 1 | . 1 . Utility . | . . . Weapon 1 | . 1 . Highest Loss Streak 2 | . 2 . To Critical Strikes . | . . . Average Backups 10 | 2 10 14 Power 1 | . 1 2 Propulsion 2 | 1 2 2 Utility 3 | . 3 7 Weapon 2 | . 2 3 Tool/Special . | . . . Unused Backups 11 | . . 11 Power 2 | . . 2 Propulsion 2 | . . 2 Utility 6 | . . 6 Weapon 1 | . . 1 Tool/Special . | . . . Average Slot Usage (%) 98 | . 97 100 Engine 14 | . 14 14 Treads 28 | . 28 28 Device 12 | . 12 14 Storage 14 | . 14 14 Energy Gun 7 | . 9 . Ballistic Cannon 16 | . 14 22 Launcher 2 | . 1 5 Special Weapon 1 | . 2 . Peak Build Rating 10 | 6 10 9 Average Rating 8 | 5 8 9 On Entrance 5 | . 6 9 Naked Turns . | . . . Heaviest Build 32 | 12 32 32 Greatest Support 40 | 40 40 40 Greatest Overweight (x) 1 | 1 . . Average Overweight (x) . | . . . Largest Inventory Capacity 15 | 8 15 15 Average Capacity 12 | 7 12 15 Most Carried 15 | 4 15 15 Average Carried 10 | 2 10 14 Final Capacity 15 | 8 15 15 Final Carried 15 | 4 14 15 Class Distribution -------------------- 100% | Mutant Dominant Class ---------------- Mutant | -10/Materials Mutant | -10/Mines Resources | -11 -10 -10 ----------- Run | Yrd Mat Min Matter Collected 759 | 244 307 208 Remotely 244 | . 209 35 Salvage Created 449 | . 426 23 Parts 40 | . 35 5 Haulers Intercepted 2 | . 2 . Recyclers Shooed 1 | . 1 . Parts Field Recycled . | . . . Retrieved Matter . | . . . Parts Self-Destructed . | . . . Prevented . | . . . Kills | -11 -10 -10 ------- Run | Yrd Mat Min Combat Hostiles Destroyed 11 | . 7 4 Guns 1 | . 1 . Cannons 2 | . . 2 AOE 8 | . 6 2 Classes Destroyed 7 | . 7 . Worker 3 | . 3 . Hauler 2 | . 2 . Recycler 1 | . 1 . Operator 1 | . 1 . Watcher 3 | . 3 . Swarmer 4 | . 1 3 Grunt 7 | . 6 1 Best Kill Streak 5 | . 5 3 Combat Bots Only 3 | . 2 3 Max Kills in Single Turn 3 | . 2 3 Gunslinging . | . . . Exploded 2 | . 1 2 Melee . | . . . Uniques/NPCs Destroyed . | . . . Combat | -11 -10 -10 -------- Run | Yrd Mat Min Hostile Shots Fired 43 | . 29 14 Missed 15 | . 13 2 Hits 28 | . 16 12 Projectile 28 | . 16 12 Damage Taken 1010 | . 885 125 Core 251 | . 232 19 Absorbed by Shields . | . . . Core Remaining (%) 100 | 100 . . Volleys Fired 48 | . 41 7 Largest 2 | . 2 2 Hottest 100 | . 100 60 Shots Fired 88 | . 73 15 Gun 25 | . 25 . Cannon 43 | . 31 12 Launcher 13 | . 10 3 Special 7 | . 7 . Kinetic 43 | . 31 12 Thermal 32 | . 32 . Explosive 13 | . 10 3 Electromagnetic . | . . . Robot Hit Streak 5 | . 4 5 Robot Miss Streak 6 | . 4 6 Penetration Max . | . . . Secondary Targets . | . . . Shots Hit Robots 35 | . 26 9 Core Hits 25 | . 21 4 Critical Kills . | . . . Critical Parts Destroyed . | . . . Critical Strikes . | . . . Melee Attacks . | . . . Impact . | . . . Slashing . | . . . Piercing . | . . . Sneak Attacks . | . . . Combat Hostiles . | . . . Follow-up Attacks . | . . . Damage Inflicted 1134 | . 829 305 Guns 137 | . 137 . Cannons 351 | . 230 121 Explosions 644 | . 460 184 Melee . | . . . Ramming 2 | . 2 . Kinetic 351 | . 230 121 Thermal 137 | . 137 . Explosive 644 | . 460 184 Electromagnetic . | . . . Impact . | . . . Slashing . | . . . Piercing . | . . . Highest Corruption 6 | . 6 6 Average Corruption 4 | . 4 6 Corruption Purged . | . . . Corruption Blocked . | . . . Effects 20 | . 12 8 Message Errors 6 | . 3 3 Matter Fused 4 | . 4 . Heat Flow Errors 5 | . 2 3 Energy Discharges 2 | . 1 1 Data Loss (minor) 1 | . 1 . Misfires 2 | . 1 1 Overload Shots . | . . . Overflow Damage 18 | . 18 . Projectiles 18 | . 18 . Explosions . | . . . Melee . | . . . Knockbacks 2 | . 2 . Impact . | . . . Kinetic 2 | . 2 . Secondary . | . . . Self-Inflicted Damage 23 | . 23 . Shots 1 | . 1 . Rammed . | . . . Targets Rammed 1 | . 1 . Kicked . | . . . Crushed 1 | . 1 . Highest Temperature 249 | . 229 249 Average Temperature 62 | . 44 92 Received Heat Transfer 111 | . 78 33 Effects 3 | . . 3 Interference 3 | . . 3 Siege Activations . | . . . Martial Activations . | . . . Shielding Activations . | . . . Robots Disrupted . | . . . Combat Hostiles . | . . . Robots Corrupted . | . . . Combat Hostiles . | . . . Parts Fried . | . . . Impact Corruptions . | . . . Robots Melted . | . . . Combat Hostiles . | . . . Parts Melted . | . . . Heat Transferred 348 | . 348 . Parts Sabotaged . | . . . Parts Stolen . | . . . Parts Stripped . | . . . Power Chain Reactions . | . . . Alert | -11 -10 -10 ------- Run | Yrd Mat Min Maximum Alert Level . | . . . Low Security (%) 100 | 100 100 100 Level 1 . | . . . Level 2 . | . . . Level 3 . | . . . Level 4 . | . . . Level 5 . | . . . High Security . | . . . Max Security . | . . . Peak Influence 82 | . 82 75 Initial . | . . . Average 25 | . 29 23 Influence Increases 517 | . 399 118 Destroy 0b10 Robot/C 220 | . 140 80 Destroy 0b10 Robot/NC 50 | . 50 . Destroy Leader 50 | . 40 10 Successful Hack 17 | . 17 . Disable Machine 75 | . 75 . Destroy Structure 75 | . 62 13 Partial Spotted 15 | . 15 . Lose Combat Pursuer 15 | . . 15 Influence Decreases 492 | . 399 93 Time Decay 401 | . 308 93 Lost Part 28 | . 28 . Purge Threat 63 | . 63 . Squads Dispatched 1 | . 1 . Investigation . | . . . Extermination . | . . . Reinforcement 1 | . 1 . Assault . | . . . Garrison . | . . . Intercept . | . . . Searches Triggered . | . . . Construction Impeded . | . . . Haulers Reinforced . | . . . Active Scanning Responses . | . . . Cargo Convoy Interrupts . | . . . Stealth | -11 -10 -10 --------- Run | Yrd Mat Min Distress Signals 1 | . 1 . Communications Jammed . | . . . Distress Signals . | . . . Times Spotted 23 | . 16 7 Peak Tracking Total 3 | . 3 3 Tactical Retreats 1 | . . 1 Traps | -11 -10 -10 ------- Run | Yrd Mat Min Traps Triggered 1 | . 1 . Indirectly . | . . . Trap Hack Attempts . | . . . Triggered . | . . . Disarmed . | . . . Reprogrammed . | . . . Reused . | . . . Traps Extracted . | . . . Installed . | . . . Triggered . | . . . Machines | -11 -10 -10 ---------- Run | Yrd Mat Min Machines Disabled 5 | . 5 . Max in Single Turn 1 | . 1 . Machines Repaired . | . . . Machines Dismantled . | . . . Machines Sabotaged . | . . . Overloaded Fab Kills . | . . . Hacking | -11 -10 -10 --------- Run | Yrd Mat Min Machines Accessed 6 | . 6 . Terminals 6 | . 6 . Fabricators . | . . . Repair Stations . | . . . Recycling Units . | . . . Scanalyzers . | . . . Garrison Access . | . . . Total Hacks 22 | . 22 . Successful 6 | . 6 . Failed 15 | . 15 . Catastrophic 3 | . 3 . Database Lockouts 1 | . 1 . Manual 10 | . 10 . Terminals 22 | . 22 . Fabricators . | . . . Repair Stations . | . . . Recycling Units . | . . . Scanalyzers . | . . . Garrison Access . | . . . Terminal Hacks 5 | . 5 . Robot Analysis 1 | . 1 . Prototype ID Bank 2 | . 2 . Unreport Threat 1 | . 1 . Hauler Manifests 1 | . 1 . Fabricator Hacks . | . . . Repair Station Hacks . | . . . Recycling Unit Hacks . | . . . Scanalyzer . | . . . Garrison Access Hacks . | . . . Unauthorized Hacks 1 | . 1 . Terminals 1 | . 1 . Operators 1 | . 1 . Fabricators . | . . . Repair Stations . | . . . Recycling Units . | . . . Scanalyzers . | . . . Garrison Access . | . . . Data Cores Recovered . | . . . Used . | . . . Hacking Detections 6 | . 6 . Full Trace Events . | . . . Feedback Events . | . . . Feedback Blocked . | . . . Robot Schematics Acquired . | . . . Robots Built . | . . . Authchips . | . . . Time . | . . . Total Robot Build Rating . | . . . Part Schematics Acquired . | . . . Parts Built . | . . . Authchips . | . . . Time . | . . . Total Part Build Rating . | . . . Parts Repaired . | . . . Time . | . . . Parts Recycled . | . . . Recycled Matter . | . . . Retrieved Matter . | . . . Retrieved Components . | . . . Parts Scanalyzed . | . . . Part Schematics Acquired . | . . . Parts Damaged . | . . . Bothacking | -11 -10 -10 ------------ Run | Yrd Mat Min Used RIF Installer . | . . . Robots Hacked . | . . . Non-combat . | . . . Combat . | . . . Robot Hacks Applied . | . . . Relay Couplers Released . | . . . Fabnet Peak Effective % . | . . . Robots Rewired . | . . . Allies Hacked . | . . . Hacks Repelled . | . . . Allies | -11 -10 -10 -------- Run | Yrd Mat Min Total Allies . | . . . Largest Group . | . . . Highest-Rated Group . | . . . Highest-Rated Ally . | . . . Total Orders . | . . . Ally Attacks . | . . . Total Damage . | . . . Kills . | . . . Allies Corrupted . | . . . Allies Melted . | . . . Intel | -11 -10 -10 ------- Run | Yrd Mat Min Active Infowar (turns) . | . . . Robot Analysis Total 1 | . 1 . Derelict Logs Recovered . | . . . Drone Launches . | . . . Drone Recoveries . | . . . Exploration | -11 -10 -10 ------------- Run | Yrd Mat Min Turns Passed 1432 | 120 1037 275 Spaces Moved 759 | 69 534 156 Core 4 | 4 . . Treads 755 | 65 534 156 Legs . | . . . Wheels . | . . . Hover . | . . . Flight . | . . . Fastest Speed 50 | 50 160 160 Average Speed 159 | 154 160 160 Slowest Speed 160 | 160 160 160 Overloaded Moves . | . . . Propulsion Burnouts . | . . . Robots Hopped . | . . . Potential Cave-ins . | . . . Cave-ins Triggered 1 | . 1 . Exploration Rate (%) 46 | 6 86 47 Regions Visited 2 Branch Regions 1 Pre-discovered Areas . | . . . Known Exits Taken . | . . . Unknown Exits Taken 2 | 1 1 . Scrap Searched . | . . . Spaces Dug 5 | . 5 . Terrain Destroyed 78 | . 63 15 Melee . | . . . Projectile 5 | . 5 . AOE 73 | . 58 15 Terrain Rammed . | . . . Walls Destroyed . | . . . Machines Disabled . | . . . Actions | -11 -10 -10 --------- Run | Yrd Mat Min Total 874 | 82 625 167 Wait 19 | . 17 2 Move 757 | 68 533 156 Hop . | . . . Pick Up 23 | 8 14 1 Fast Attach 3 | 2 1 . Attach 7 | 4 3 . Detach . | . . . Swap 14 | . 13 1 Drop 2 | . 2 . Fire 48 | . 41 7 Melee . | . . . Ram . | . . . Kick . | . . . Crush 1 | . 1 . Escape Stasis . | . . . Rewire . | . . . Trap . | . . . Miscellaneous . | . . . Route ------- -11/Scrapyard -10/Materials (discovered 5 exits: [*Mat x3] / [*Min x2]) -10/Mines (discovered 2 exits: [*Mat] / [*Sub]) History --------- Turn | Location | Event 11 | -11/Scrapyard | Discovered new exit (range 15) 121 | -11/Scrapyard | Entered Materials 307 | -10/Materials | Build established: Mutant 367 | -10/Materials | Discovered new exit (range 16) 542 | -10/Materials | Discovered new exit (range 16) 625 | -10/Materials | Discovered new exit (range 12) 718 | -10/Materials | Central database locked down 776 | -10/Materials | Crushed by falling debris 776 | -10/Materials | Core integrity fell below 50% 776 | -10/Materials | Core integrity fell below 20% 1012 | -10/Materials | Discovered new exit (range 12) 1138 | -10/Materials | Discovered new exit (range 13) 1158 | -10/Materials | Entered Mines 1279 | -10/Mines | Received a Rocket Launcher from a helpful Derelict 1295 | -10/Mines | Discovered new exit (range 6) 1298 | -10/Mines | Discovered new exit (range 15) 1433 | -10/Mines | Destroyed by S-10 Pest with Light Assault Rifle Last Messages --------------- say!" 01279_ 41-1TC(g): "Would you like a rocket launcher? I know I would if I were you, so I'm going to lend you mine." 01279_ 41-1TC(g) slips back into the shadows. 01284_ System corrupted: Heat flow error (+172). 01284_ Acquired Rocket Launcher. 01293_ U-05 Engineer builds a Wall. 01295_ EXIT=FOUND 01306_ 0IGO9ZLZ YM>#WJ|L4HF 01320_ S-10 Pest destroyed. 01322_ System corrupted: Energy discharge (-80). 01344_ K-01 Serf collects debris. 01346_ System corrupted: FCS attempts to trigger Grenade Launcher. 01346_ System corrupted: Grenade Launcher misfires. 01357_ Extracted 150 matter. 01362_ Extracted 23 matter. 01422_ F,KL